 Dungeon Crawl Stone Soup version 0.22-a0-192-g6ffc940 (webtiles) character file.

25 Lapis the Digger (level 3, 19/19 HPs)
             Began as a Gargoyle Earth Elementalist on Feb 8, 2018.
             Got out of the dungeon alive.
             The game lasted 00:02:15 (1434 turns).

Lapis the Digger (Gargoyle Earth Elementalist)      Turns: 1434, Time: 00:02:15

Health: 19/19      AC:  5    Str: 11    XL:     3   Next: 6%
Magic:  6/6        EV: 12    Int: 16    God:
Gold:   71         SH:  0    Dex: 10    Spells: 4/7 levels left

rFire    . . .     SeeInvis .   g - +0 whip
rCold    . . .     Gourm    .   (no shield)
rNeg     + . .     Faith    .   c - +0 robe
rPois    ∞         Spirit   .   (no helmet)
rElec    +         Reflect  .   (no cloak)
rCorr    .         Harm     .   (no gloves)
MR       .....                  (no boots)
Stlth    ++........             (no amulet)
HPRegen  0.06/turn              (no ring)
MPRegen  0.10/turn              (no ring)

@: no status effects
A: negative energy resistance 1, electricity resistance, unbreathing,
petrification resistance, rot immunity, AC +3
a: no special abilities


You escaped.
You were not hungry.

You visited 1 branch of the dungeon, and saw 1 of its levels.

You collected 71 gold pieces.

Inventory:

Hand Weapons
 g - a +0 whip (weapon)
Missiles
 b - 48 stones (quivered)
Armour
 a - a +0 leather armour
 c - a +0 robe (worn)
Scrolls
 h - a scroll of teleportation {unknown}
Potions
 f - a potion of curing {unknown}
 i - a potion of flight {unknown}
 j - a potion of lignification {unknown}
Books
 e - a book of Geomancy

   Spells                             Type                      Level
   a - Sandblast                      Earth                        1
   b - Passwall                       Transmutation/Earth          2
   c - Stone Arrow                    Conjuration/Earth            3
   d - Petrify                        Transmutation/Earth          4
   e - Lee's Rapid Deconstruction     Earth                        5
Comestibles
 d - 6 rations


   Skills:
 + Level 1.8 Dodging
 - Level 2.1 Stealth
 * Level 2.5 Spellcasting
 + Level 0.7 Transmutations
 + Level 4.3 Earth Magic


You had 4 spell levels left.
You knew the following spells:

 Your Spells              Type           Power        Failure   Level  Hunger
a - Sandblast             Erth           ###...       3%          1    #......
b - Passwall              Tmut/Erth      ##........   11%         2    ##.....


Dungeon Overview and Level Annotations

Branches:
Dungeon (1/15)

Altars:


Innate Abilities, Weirdness & Mutations

You are resistant to torment.
Your stone body is resilient. (AC +3)
You are immune to poison.
You resist negative energy. (rN+)
You are resistant to electric shocks. (rElec)
You can survive without breathing.
You are immune to petrification.
You are immune to rotting.


Message History

No target in view!
No target in view!
No target in view!
No target in view!
No target in view!
No target in view!
No target in view!
No target in view!
No target in view!
No target in view!
No target in view!
j - a bubbling orange potion Saving game... please wait.
Welcome back, Lapis the Gargoyle Earth Elementalist.
Press ? for a list of commands and other information.
There is a fountain of clear blue water here.
There is an open door here.
There is a staircase leading out of the dungeon here.
Are you sure you want to leave the Dungeon?
This will make you lose the game!
You have escaped!

#>......................#
#.##.########...........#
#.##.# ###..####...# #.##.#
######.#####.####
#.##.######[...............
#.##...........#.####..###.
#.##.#..⌠...⌠..#.####......
##.##)##..###...#.##....###.
#...#.##..#@'...#.##.#### #.
#.#.#.##..###...#.##.######.
#...#.#..⌠...⌠..#...........
#.###..#...........##.#######
..# ##...###.###......# ###
##........###...####
#.............#.#
#.#.#.##########.###### #
#.#.# #.............#


There were no monsters in sight!

Vanquished Creatures
  A dart slug (D:1)
  A leopard gecko (D:1)
  2 giant cockroaches (D:1)
  5 goblins (D:1)
  A hobgoblin (D:1)
  2 kobolds (D:1)
  A ball python (D:1)
  6 bats (D:1)
  2 rats (D:1)
21 creatures vanquished.

Notes
Turn   | Place    | Note
-------+----------+-------------------------------------------
     0 | D:1      | Lapis the Gargoyle Earth Elementalist began the quest for the Orb.
     0 | D:1      | Reached XP level 1. HP: 10/10 MP: 3/3
   462 | D:1      | Reached skill level 4 in Earth Magic
   462 | D:1      | Reached XP level 2. HP: 14/15 MP: 5/5
   530 | D:1      | Learned a level 2 spell: Passwall
  1239 | D:1      | Reached XP level 3. HP: 11/19 MP: 6/6
  1419 | D:1      | Upgraded the game from 0.22-a0-157-g169b76a to 0.22-a0-192-g6ffc940
  1434 | D:$      | Got out of the dungeon alive.

Vault maps used:
D:1:      scummos_arrival_simple_fountains

Skill      XL: |  1 |
---------------+----+-----
Earth Magic    | 4 |  4.3
Dodging        | |  1.8
Stealth        | |  2.1
Spellcasting   | |  2.5
Transmutations | |  0.7

Action                   || total
-------------------------++-------
Melee: Unarmed           ||    68
       Whip              ||    37
 Cast: Sandblast         ||    10
 Stab: Sleeping          ||     3
  Eat: Chunk             ||     2
Armor: Robe              ||    45
Dodge: Dodged            ||    90

Table legend:
 A = Spawn XP
 B = Non-spawn XP
 C = Spawn XP percentage of total XP
 D = Spawn monster count
 E = Non-spawn monster count
 F = Spawn count percentage of total count
 G = Total turns spent on level
                    A         B        C        D         E        F      G
               +---------+---------+-------+---------+---------+-------+---------
         Total |       0 |      37 |   0.0 |       0 |      21 |   0.0 |  1434
               +---------+---------+-------+---------+---------+-------+---------
           D:1 |       0 |      37 |   0.0 |       0 |      21 |   0.0 |  1434
               +---------+---------+-------+---------+---------+-------+---------
